 Dungeon Crawl Stone Soup version 0.23.1 (webtiles) character file.

Game seed: 6553827190235996452

54 Borgoz the Skirmisher (level 3, 0/33 HPs)
             Began as a Ghoul Monk on Mar 18, 2019.
             Slain by Jessica
             ... wielding a +2 dagger of speed
              (3 damage)
             ... on level 2 of the Dungeon.
             The game lasted 00:03:38 (1287 turns).

Borgoz the Skirmisher (Ghoul Monk)                  Turns: 1287, Time: 00:03:39

Health: 0/33       AC:  2    Str: 14    XL:     3   Next: 91%
Magic:  2/2        EV: 18    Int:  5    God:
Gold:   60         SH:  0    Dex: 17    Spells: 2/2 levels left

rFire    . . .     SeeInvis .   a - +0 short sword
rCold    + . .     Gourm    +   (no shield)
rNeg     + + +     Faith    .   b - +0 robe
rPois    ∞         Spirit   .   (no helmet)
rElec    .         Reflect  .   (no cloak)
rCorr    .         Harm     .   (no gloves)
MR       .....                  (no boots)
Stlth    +++.......             n - amulet of the gourmand
HPRegen  0.00/turn              (no ring)
MPRegen  0.08/turn              (no ring)

@: agile, rotting
A: rotting body, claws 1, carnivore, cold resistance 1, negative energy
resistance 3, inhibited regeneration, torment resistance, unbreathing
a: no special abilities


You were on level 2 of the Dungeon.
You were not hungry.

You visited 1 branch of the dungeon, and saw 2 of its levels.

You collected 60 gold pieces.

Inventory:

Hand Weapons
 a - a +0 short sword (weapon)
Missiles
 e - 3 javelins of penetration (quivered)
Armour
 b - a +0 robe (worn)
Jewellery
 n - an amulet of the gourmand (around neck)
Scrolls
 d - 2 scrolls of teleportation {unknown}
 f - a scroll of magic mapping {unknown}
 g - 3 scrolls of remove curse {unknown}
 i - 4 scrolls of identify {unknown}
Potions
 m - a potion of haste
Comestibles
 c - 2 rations
 l - 3 chunks of flesh


   Skills:
 + Level 3.9 Fighting
 + Level 3.3 Short Blades
 + Level 3.0 Dodging
 + Level 2.8 Stealth


You had 2 spell levels left.
You didn't know any spells.
Your spell library was empty.

Dungeon Overview and Level Annotations

Branches:
Dungeon (2/15)

Altars:

Annotations:
D:2 Jessica


Innate Abilities, Weirdness & Mutations

Your body is rotting away.
You thrive on raw meat.
You are immune to poison.
You have sharp fingernails.
You are carnivorous and can eat meat at any time.
Your flesh is cold resistant. (rC+)
You are immune to negative energy. (rN+++)
You do not regenerate when monsters are visible.
You are immune to unholy pain and torment.
You can survive without breathing.


Message History

You hit Robin.
Robin is almost dead.
Robin completely misses you.
You hit Robin.
Robin is almost dead.
Robin barely misses you.
You hit Robin.
You kill Robin!
You hit Jessica.
Jessica is moderately wounded.
Jessica hits you with a +2 dagger of speed!
* * * LOW HITPOINT WARNING * * *
You hit Jessica.
Jessica is almost dead.
Jessica hits you with a +2 dagger of speed.
* * * LOW HITPOINT WARNING * * *
You hit Jessica but do no damage.
Jessica is almost dead.
Jessica hits you with a +2 dagger of speed.
You die...

...)... #.##
#.#.######... #..#
#.#.# #... ##.#
#.#.######... #.##
#.#......+... #..#
#.#...÷###... ##.#
#.#....# #### #.#
##.#....# ## #@#
#.......# ..
#@###.......# ..
#..##.......# ..
##.##.......# ##
########.###'######
#.............#
#.............#
#.............#
#########..#.##
##.#.#


You could see Jessica.

Vanquished Creatures
  Robin (D:2)
  An adder (D:2)
  A leopard gecko (D:1)
  6 bats
  2 giant cockroaches
  4 hobgoblins
  3 jackals (D:1)
  2 frilled lizards (D:1)
  4 goblins
  4 kobolds
  3 rats
31 creatures vanquished.

Notes
Turn   | Place    | Note
-------+----------+-------------------------------------------
     0 | D:1      | Borgoz the Ghoul Monk began the quest for the Orb.
     0 | D:1      | Reached XP level 1. HP: 19/19 MP: 0/0
    78 | D:1      | Reached XP level 2. HP: 26/26 MP: 1/1
   843 | D:2      | Reached XP level 3. HP: 16/33 MP: 2/2
  1244 | D:2      | Noticed Jessica
  1246 | D:2      | Noticed Robin
  1284 | D:2      | Killed Robin
  1287 | D:2      | Slain by Jessica

Skill      XL: |  1  2  3 |
---------------+----------+-----
Short Blades   | 3 |  3.3
Dodging        | 3 |  3.0
Fighting       | |  3.9
Stealth        | |  2.8

Action                   || total
-------------------------++-------
Melee: Short sword       ||   135
  Use: Potion            ||     3
 Stab: Sleeping          ||     4
  Eat: Chunk             ||     9
Armor: Robe              ||    30
Dodge: Dodged            ||    83
